 Dungeon Crawl Stone Soup version 0.28.0-43-g3370ac3207 (console) character file.

Game seed: 3051805426469522057

737 Zeor the Magician (level 7, 0/45 (47) HPs)
             Began as a Demonspawn Venom Mage on Mar 23, 2022.
             Slain by an acid dragon (3 damage)
             ... on level 5 of the Dungeon.
             The game lasted 00:19:18 (5750 turns).

Zeor the Magician (Demonspawn Venom Mage)           Turns: 5750, Time: 00:19:20

HP:   0/45 (47)     AC:  0    Str: 11    XL:     7   Next: 46%
MP:   0/23          EV: 11    Int: 21    God:
Gold: 129           SH:  0    Dex: 10    Spells: 5/15 levels left

rFire   . . .      SeeInvis +   a - +0 rapier
rCold   . . .      Faith    .   (no shield)
rNeg    . . .      Spirit   +   f - +1 leather armour of the Cricket {Int+3 Dex-4 SInv}
rPois   .          Reflect  .   (no helmet)
rElec   +          Harm     .   l - scarf {+Inv}
rCorr   .          Rampage  .   (no gloves)
Will    .....                   (no boots)
Stlth   ++........              n - amulet "Wiukayph" {Acrobat rElec MP+9 Str+3}
HPRegen 0.15/turn               g - ring of wizardry
MPRegen 0.36/turn               (no ring)

@: corroded, hasted, lightly drained, very quick
A: hooves 2, magic shield, magic regeneration
a: Evoke Invisibility


You were on level 5 of the Dungeon.
You visited 1 branch of the dungeon, and saw 5 of its levels.

You collected 279 gold pieces.
You spent 150 gold pieces at shops.

Inventory:

Hand Weapons
 a - a +0 rapier (weapon)
 b - a +3 dagger
Missiles
 c - 69 bolts
 o - 5 poisoned darts
Armour
 f - the +1 leather armour of the Cricket (worn) {Int+3 Dex-4 SInv}
   (You took it off a goblin on level 2 of the Dungeon)

   Int:       It affects your intelligence (+3).
   Dex:       It affects your dexterity (-4).
   SInv:      It lets you see invisible.
 l - a scarf of invisibility (worn)
Jewellery
 g - a ring of wizardry (left hand)
 n - the amulet "Wiukayph" (around neck) {Acrobat rElec MP+9 Str+3}
   (You acquired it on level 5 of the Dungeon)

   [amulet of the acrobat]

   It increases your evasion while moving and waiting.
   Str:       It affects your strength (+3).
   rElec:     It insulates you from electricity.
   MP:        It affects your magic capacity (+9).
Wands
 d - a wand of paralysis (9)
Scrolls
 e - a scroll of immolation
 p - a scroll of enchant armour
 q - a scroll of teleportation
Potions
 h - 3 potions of curing
 i - a potion of heal wounds {unknown}
 j - a potion of mutation {unknown}
 m - a potion of flight {unknown}


   Skills:
 + Level 0.8 Fighting
 + Level 1.3 Short Blades
 + Level 1.5 Armour
 + Level 2.3 Dodging
 * Level 3.5 Stealth
 * Level 4.7 Spellcasting
 + Level 0.1 Conjurations
 + Level 2.2 Transmutations
 + Level 1.1 Air Magic
 + Level 4.7 Poison Magic


You had 5 spell levels left.
You knew the following spells:

 Your Spells              Type           Power      Damage    Failure   Level
a - Sting                 Tmut/Pois      76%        1d6       1%          1
b - Poisonous Vapours     Pois/Air       34%        N/A       2%          2
c - Mephitic Cloud        Conj/Pois/Air  13%        N/A       8%          3
d - Olgreb's Toxic Radia  Pois           24%        N/A       9%          4

Your spell library contained the following spells:

 Spells                   Type           Power      Damage    Failure   Level
 Gell's Gravitas          Tloc           4%         N/A       17%         3
 Teleport Other           Tloc           4%         N/A       17%         3
 Dispersal                Tloc           2%         N/A       100%        6


Dungeon Overview and Level Annotations

Branches:
Dungeon (5/15)
 Temple: D:4-7

Altars:
Nemelex Xobeh
Ru

Shops:
D:5 (

Annotations:
D:3 3 runed translucent doors, KittyFluff's ghost, amateur DsHu


Innate Abilities, Weirdness & Mutations

You have hoof-like feet.
When hurt, damage is shared between your health and your magic reserves.
You regenerate magic rapidly.


Message History

You begin to radiate toxic energy.
The hound looks even sicker.
The hound bites you but does no damage. The hound barely misses you.
The hound looks as sick as possible!
Your toxic aura wanes.
The hound bites you.
Casting: Olgreb's Toxic Radiance (quite dangerous; 9% risk of failure)
Confirm with . or Enter, or press ? or * to list all spells.
The spell is quite dangerous to miscast (9% risk of failure)!
Continue anyway?
You begin to radiate toxic energy.
You kill the hound!
The acid dragon spits acid at you. The splash of acid hits you!!
The acid corrodes you!
Your toxic aura wanes.
The acid dragon bites you. The acid dragon closely misses you.
Casting: Olgreb's Toxic Radiance (quite dangerous; 9% risk of failure)
Confirm with . or Enter, or press ? or * to list all spells.
You can't see any susceptible monsters within range! (Use Z to cast anyway.)
Aiming: Sting (safe; 1% risk of failure)
Press: ? - help, Q - select action, (/) - cycle Shift-Dir - straight line, f - acid dragon
Aim: an acid dragon (catching its breath, 74% to hit)
Okay, then.
You feel better. The acid dragon barely misses you. The acid dragon claws you.
You feel yourself speed up. The acid dragon bites you!
The acid dragon closely misses you.
You barely miss the acid dragon. Your kick misses the acid dragon.
The acid dragon misses you. x2
You hit the acid dragon. Your kick misses the acid dragon.
The acid dragon is lightly wounded.
You barely miss the acid dragon. You kick the acid dragon!
The acid dragon is moderately wounded.
The acid dragon bites you. The acid dragon claws you.
* * * LOW HITPOINT WARNING * * *
A howler monkey zombie comes into view.
You hit the acid dragon but do no damage.
The acid dragon is moderately wounded.
A scorpion comes into view.
The acid dragon bites you!
* * * LOW HITPOINT WARNING * * *
The acid dragon claws you.
You die... ∙∙∙∙▒▒ ∙∙∙∙∙∙∙∙∙ ▒▒∙∙∙∙∙∙∙▒ ▒∙∙∙∙∙▒∙∙∙ [∙∙▒∙∙∙∙ ∙∙▒∙∙Zs▒ ∙∙∙∙ ▒▒▒∙∙∙▒ ∙∙∙∙ ▒∙D∙∙▒ ∙∙∙∙∙∙∙

▒6▒∙▒∙▒ ∙∙∙∙∙∙∙∙▒ ▒∙▒∙▒
∙∙∙∙∙∙∙∙∙▒ ▒▒∙▒▒∙▒
∙∙∙∙∙∙∙∙∙▒▒▒▒∙∙▒ ∙▒
(∙∙∙∙∙∙∙∙∙∙▒∙∙▒▒ ▒)
∙∙∙∙∙∙∙∙∙▒∙∙∙∙∙▒▒▒▒▒
▒∙∙∙∙∙∙∙∙∙∙∙∙∙∙∙∙∙∙∙
∙∙∙∙∙∙∙∙∙∙∙∙∙∙∙∙∙∙∙▒ ▒∙∙∙∙∙▒
∙
∙∙∙∙∙∙∙∙∙∙∙∙∙∙∙∙∙▒∙▒▒▒▒∙∙∙∙∙▒


You could see an acid dragon, a scorpion (wandering) and a howler monkey zombie.

Vanquished Creatures
  A necrophage (D:5)
  A bullfrog (D:4)
  2 scorpions (D:4)
  A howler monkey (D:4)
  A bullfrog zombie (D:5)
  An orc priest (D:5)
  A hound (D:5)
  Jessica (D:3)
  A bullfrog skeleton (D:4)
  Natasha (thrice) (D:3)
  A hound zombie (D:5)
  2 hound skeletons (D:4)
  3 gnolls (D:5)
  5 adders
  An adder zombie (D:5)
  An adder skeleton (D:4)
  3 worms
  4 dart slugs
  3 orcs (D:5)
  7 ball pythons
  7 bats
  5 endoplasms
  A giant cockroach (D:1)
  11 goblins
  6 hobgoblins
  4 kobolds
  7 quokkas
  A frilled lizard (D:2)
  3 rats (D:1)
88 creatures vanquished.

Notes
Turn   | Place    | Note
-------+----------+-------------------------------------------
     0 | D:1      | Zeor the Demonspawn Venom Mage began the quest for the Orb.
     0 | D:1      | Reached XP level 1. HP: 13/13 MP: 3/3
   353 | D:1      | Gained mutation: You regenerate magic rapidly. [demonic
                  | ancestry]
   353 | D:1      | Reached XP level 2. HP: 19/19 MP: 1/5
   377 | D:1      | Learned a level 2 spell: Poisonous Vapours
   426 | D:1      | Found a faded altar of an unknown god.
   434 | D:1      | Reached skill level 1 in Transmutations
  1120 | D:1      | Gained mutation: When hurt, damage is shared between your
                  | health and your magic reserves. [demonic ancestry]
  1120 | D:1      | Reached XP level 3. HP: 24/24 MP: 6/6
  1180 | D:1      | Learned a level 3 spell: Mephitic Cloud
  2125 | D:2      | Identified the +1 leather armour of the Cricket {Int+3
                  | Dex-4 SInv}
  2199 | D:2      | Found a sparkling altar of Nemelex Xobeh.
  2230 | D:2      | Gained mutation: You have large cloven feet. [demonic
                  | ancestry]
  2230 | D:2      | Reached XP level 4. HP: 8/30 MP: 2/8
  2985 | D:3      | Noticed Jessica
  2994 | D:3      | Killed Jessica
  3061 | D:3      | Found a sacrificial altar of Ru.
  3074 | D:3      | Found a runed translucent gate.
  3074 | D:3      | Found a runed translucent gate.
  3074 | D:3      | Found a runed translucent gate.
  3134 | D:3      | Noticed Natasha
  3143 | D:3      | Killed Natasha
  3144 | D:3      | Gained mutation: You have hoof-like feet. [demonic
                  | ancestry]
  3144 | D:3      | Reached XP level 5. HP: 20/35 MP: 0/9
  3244 | D:3      | Noticed Natasha
  3251 | D:3      | Killed Natasha
  3289 | D:3      | Noticed KittyFluff's ghost (amateur DsHu)
  3614 | D:3      | Learned a level 4 spell: Olgreb's Toxic Radiance
  3917 | D:3      | Noticed Natasha
  3926 | D:3      | Killed Natasha
  4256 | D:4      | Reached XP level 6. HP: 37/41 MP: 4/11
  4402 | D:4      | Reached skill level 1 in Short Blades
  4402 | D:4      | Reached skill level 1 in Armour
  4402 | D:4      | Reached skill level 1 in Air Magic
  5023 | D:5      | Entered Level 5 of the Dungeon
  5023 | D:5      | Found Xoefa's Antique Weapon Boutique.
  5043 | D:5      | Bought a runed short sword for 150 gold pieces
  5112 | D:5      | Reached XP level 7. HP: 36/47 MP: 3/13
  5691 | D:5      | Identified a scroll of acquirement
  5691 | D:5      | Acquired the amulet "Wiukayph" {Acrobat rElec MP+9 Str+3}
  5750 | D:5      | Slain by an acid dragon

Illustrated notes

Levels and vault maps discovered:
D:1:      minmay_arrival_diagonal_passages, layout_loops_corners,
          hellmonk_ecumenical_altar_run_dry, chequers_serial_rivers_large_a
D:2:      layout_basic, basic_altar
D:3:      layout_basic, mainiacjoe_overflow_concentric_impassable,
          gammafunk_ghost_icy, uniq_natasha, uniq_jessica
D:4:      layout_basic
D:5:      layout_rooms, serial_shops, nicolae_stop_n_shop_2,
          minmay_increasing_density

Skill      XL: |  1  2  3  4  5  6 |
---------------+-------------------+-----
Stealth        | 2 3 |  3.5
Transmutations | 1 2 |  2.2
Dodging        | 2 |  2.3
Spellcasting   | 3 4 |  4.7
Poison Magic   | 4 |  4.7
Short Blades   | 1 |  1.3
Armour         | 1 |  1.5
Air Magic      | 1 |  1.1
Fighting       | |  0.8
Conjurations   | |  0.1

Action                   |  1- 3 |  4- 6 |  7- 9 || total
-------------------------+-------+-------+-------++-------
Melee: Unarmed           |     1 |       |       ||     1
       Dagger            |    48 |    33 |     1 ||    82
       Kick              |       |    19 |    16 ||    35
       Rapier            |       |    35 |    36 ||    71
       Punch             |       |       |     1 ||     1
 Cast: Sting             |    52 |    26 |     4 ||    82
       Poisonous Vapours |    14 |    26 |     2 ||    42
       Mephitic Cloud    |       |     3 |     1 ||     4
       Olgreb's Toxic Ra |       |     4 |     3 ||     7
  Use: Scroll            |     6 |     5 |     1 ||    12
       Potion            |       |       |     3 ||     3
 Stab: Sleeping          |     3 |     2 |       ||     5
       Confused          |       |     1 |       ||     1
Armor: Robe              |    15 |       |       ||    15
       Leather armour    |     2 |    22 |     5 ||    29
Dodge: Dodged            |    71 |    47 |    24 ||   142
